APL (24 & UNDER)
KENOSHA KINGFISH @ PENSACOLA PILOTS
06/30/2029
 
TOP OF THE 1ST
Kenosha Kingfish batting - Pitching for Pensacola Pilots : RHP Armando López
Pitching: RHP Armando López
Batting: LHB Justin McCoy 0-0: Foul Ball, location: 2F
0-1: Ball
1-1: Foul Ball, location: 2F
1-2: Fly out, F7 (Flyball, 7S)
Batting: RHB Ron Campbell 0-0: Ball
1-0: Called Strike
1-1: Ball
2-1: Foul Ball, location: 2F
2-2: Foul Ball, location: 2F
2-2: Foul Ball, location: 2F
2-2: Foul Ball, location: 2F
2-2: Foul Ball, location: 2F
2-2: Ground out 6-3 (Groundball, 6)
Batting: LHB Marvin MacGruder 0-0: Called Strike
0-1: Foul Ball, location: 2F
0-2: Ball
1-2: Ball
2-2: Ball
3-2: Foul Ball, location: 2F
3-2: Base on Balls
Batting: RHB Rubén Hernández 0-0: Ball
1-0: Fly out, F7 (Flyball, 7)
Top of the 1st over - 0 runs, 0 hits, 0 errors, 1 left on base; Kenosha 0 - Pensacola 0
BOTTOM OF THE 1ST
Pensacola Pilots batting - Pitching for Kenosha Kingfish : RHP Jim Snyder
Pitching: RHP Jim Snyder
Batting: LHB Joe Storms 0-0: Called Strike
0-1: Called Strike
0-2: Foul Ball, location: 2F
0-2: Ball
1-2: DOUBLE (Flyball, 89D)
Batting: LHB Freddy Torres 0-0: Called Strike
0-1: 2-RUN HOME RUN (Flyball, 7D), Distance : 389 ft
Batting: SHB Ron Winston 0-0: Called Strike
0-1: Ball
1-1: Swinging Strike
1-2: Ball
2-2: Fly out, F7 (Flyball, 7)
Batting: LHB Ángel Flores 0-0: Called Strike
0-1: Ball
1-1: Foul Ball, location: 2F
1-2: Ground out 4-3 (Groundball, 4)
Batting: RHB Ryan Nelson 0-0: Called Strike
0-1: Ball
1-1: Called Strike
1-2: SINGLE (Flyball, 9LM)
Batting: RHB Robert Rose 0-0: Called Strike
0-1: Swinging Strike
0-2: Ball
1-2: Foul Ball, location: 2F
1-2: SINGLE (Flyball, 7LS)
Ryan Nelson to second
Batting: RHB Alfonso Sánchez 0-0: Ball
1-0: Swinging Strike
1-1: Foul Ball, location: 2F
1-2: Ball
2-2: Ball
3-2: Foul Ball, location: 2F
3-2: Strikes out looking
Bottom of the 1st over - 2 runs, 4 hits, 0 errors, 2 left on base; Kenosha 0 - Pensacola 2
TOP OF THE 2ND
Kenosha Kingfish batting - Pitching for Pensacola Pilots : RHP Armando López
Batting: LHB Juan Rodríguez 0-0: Called Strike
0-1: Called Strike
0-2: Foul Ball, location: 2F
0-2: Foul Ball, location: 2F
0-2: Fly out, F8 (Flyball, 8RS)
Batting: RHB Warren Strathbogie 0-0: Ball
1-0: Ball
2-0: Ball
3-0: Called Strike
3-1: Base on Balls
Batting: LHB Josh Peterson 0-0: Ball
1-0: Foul Ball, location: 2F
1-1: Ball
2-1: Foul Ball, location: 2F
2-2: Foul Ball, location: 2F
2-2: Ball
3-2: Foul Ball, location: 2F
3-2: Base on Balls
Warren Strathbogie to second
Batting: RHB Marcus Pittman 0-0: Ball
1-0: Ball
2-0: Fly out, F8 (Flyball, 8LD)
Runner from 2nd tags up, SAFE at 3rd with throw
Batting: SHB José Ayala 0-0: Ball
1-0: Ball
2-0: SINGLE (Line Drive, 78S)
Warren Strathbogie scores
Josh Peterson to second
Runner from 2nd tries for 3rd, SAFE, throw made to third
Batting: LHB Justin McCoy 0-0: Ball
1-0: Foul Ball, location: 2F
1-1: 3-RUN HOME RUN (Flyball, 9LD), Distance : 367 ft
Batting: RHB Ron Campbell 0-0: Swinging Strike
0-1: Called Strike
0-2: Ball
1-2: Ball
2-2: Strikes out swinging
Top of the 2nd over - 4 runs, 2 hits, 0 errors, 0 left on base; Kenosha 4 - Pensacola 2
BOTTOM OF THE 2ND
Pensacola Pilots batting - Pitching for Kenosha Kingfish : RHP Jim Snyder
Batting: SHB Carlos González 0-0: SINGLE (Line Drive, 89M)
Batting: SHB Rodolphe Dettori 0-0: Ground out U3 (Groundball, 34)
Carlos González to second
Batting: LHB Joe Storms 0-0: Ball
1-0: Ball
2-0: Foul Ball, location: 2F
2-1: Ball
3-1: Base on Balls
Batting: LHB Freddy Torres 0-0: Ball
1-0: Swinging Strike
1-1: SINGLE (Flyball, 7LS)
Carlos González to third
Joe Storms to second
Runner from 3rd tries for Home, throw and OUT!
Joe Storms to third
Freddy Torres to second
Batting: SHB Ron Winston 0-0: Foul Ball, location: 2F
0-1: Ball
1-1: Foul Ball, location: 2F
1-2: Strikes out looking
Bottom of the 2nd over - 0 runs, 2 hits, 0 errors, 2 left on base; Kenosha 4 - Pensacola 2
TOP OF THE 3RD
Kenosha Kingfish batting - Pitching for Pensacola Pilots : RHP Armando López
Batting: LHB Marvin MacGruder 0-0: Ball
1-0: Foul Ball, location: 2F
1-1: Ball
2-1: Foul Ball, location: 2F
2-2: Ball
3-2: Foul Ball, location: 2F
3-2: Strikes out swinging
Batting: RHB Rubén Hernández 0-0: Called Strike
0-1: Ball
1-1: Ball
2-1: Ground out 5-3 (Groundball, 56)
Batting: LHB Juan Rodríguez 0-0: Foul Ball, location: 2F
0-1: Swinging Strike
0-2: Ball
1-2: Strikes out swinging
Top of the 3rd over - 0 runs, 0 hits, 0 errors, 0 left on base; Kenosha 4 - Pensacola 2
BOTTOM OF THE 3RD
Pensacola Pilots batting - Pitching for Kenosha Kingfish : RHP Jim Snyder
Batting: LHB Ángel Flores 0-0: Called Strike
0-1: Ball
1-1: Ball
2-1: Ball
3-1: Base on Balls
Batting: RHB Ryan Nelson 0-0: Ball
1-0: Grounds into double play, 4-6-3 (Groundball, 4)
Batting: RHB Robert Rose 0-0: Foul Ball, location: 2F
0-1: Foul Ball, location: 2F
0-2: Ball
1-2: Fly out, F9 (Flyball, 9LMF)
Bottom of the 3rd over - 0 runs, 0 hits, 0 errors, 0 left on base; Kenosha 4 - Pensacola 2
TOP OF THE 4TH
Kenosha Kingfish batting - Pitching for Pensacola Pilots : RHP Armando López
Batting: RHB Warren Strathbogie 0-0: Ball
1-0: Ball
2-0: Ball
3-0: Called Strike
3-1: Foul Ball, location: 2F
3-2: Ground out U3 (Groundball, 34)
Batting: LHB Josh Peterson 0-0: Swinging Strike
0-1: Ball
1-1: Swinging Strike
1-2: Fly out, F7 (Flyball, 7)
Batting: RHB Marcus Pittman 0-0: Called Strike
0-1: Ground out 5-3 (Groundball, 56)
Top of the 4th over - 0 runs, 0 hits, 0 errors, 0 left on base; Kenosha 4 - Pensacola 2
BOTTOM OF THE 4TH
Pensacola Pilots batting - Pitching for Kenosha Kingfish : RHP Jim Snyder
Batting: RHB Alfonso Sánchez 0-0: Called Strike
0-1: Ball
1-1: Ball
2-1: Ball
3-1: SINGLE (Groundball, 56D)
Batting: SHB Carlos González 0-0: Foul Ball, location: 2F
0-1: Fielders Choice at 2nd, 4-6 (Groundball, 4)
Batting: SHB Rodolphe Dettori 0-0: Called Strike
0-1: Ball
1-1: Ball
2-1: Called Strike
2-2: Strikes out swinging
Batting: LHB Joe Storms 0-0: Ball
1-0: Called Strike
1-1: Ball
Carlos González steals 2nd base
2-1: SINGLE (Flyball, 78M)
Carlos González to third
Batting: LHB Freddy Torres 0-0: Ball
1-0: Called Strike
1-1: Ground out 4-3 (Groundball, 34D)
Bottom of the 4th over - 0 runs, 2 hits, 0 errors, 2 left on base; Kenosha 4 - Pensacola 2
TOP OF THE 5TH
Kenosha Kingfish batting - Pitching for Pensacola Pilots : RHP Armando López
Batting: SHB José Ayala 0-0: Ball
1-0: Called Strike
1-1: SINGLE (Groundball, 6MD)
Batting: LHB Justin McCoy 0-0: Ball
1-0: Foul Ball, location: 2F
1-1: Foul Ball, location: 2F
1-2: Ball
2-2: Ground out U3 (Groundball, 34S)
José Ayala to second
Batting: RHB Ron Campbell 0-0: Ground out 6-3 (Groundball, 6)
Batting: LHB Marvin MacGruder 0-0: Ball
1-0: Ball
2-0: Called Strike
2-1: Ball
3-1: Foul Ball, location: 2F
3-2: Base on Balls
Batting: RHB Rubén Hernández 0-0: Ball
1-0: Fly out, F8 (Flyball, 8RXD)
Top of the 5th over - 0 runs, 1 hit, 0 errors, 2 left on base; Kenosha 4 - Pensacola 2
BOTTOM OF THE 5TH
Pensacola Pilots batting - Pitching for Kenosha Kingfish : RHP Jim Snyder
Batting: SHB Ron Winston 0-0: Ball
1-0: Ball
2-0: Called Strike
2-1: Foul Ball, location: 2F
2-2: Ball
3-2: Fly out, F9 (Line Drive, 89D)
Batting: LHB Ángel Flores 0-0: Ball
1-0: Ball
2-0: Fly out, F5 (Popup, 25F)
Batting: RHB Ryan Nelson 0-0: Ball
1-0: DOUBLE (Line Drive, 89D)
Batting: RHB Robert Rose 0-0: Ball
1-0: Fly out, F8 (Flyball, 8LS)
Bottom of the 5th over - 0 runs, 1 hit, 0 errors, 1 left on base; Kenosha 4 - Pensacola 2
TOP OF THE 6TH
Kenosha Kingfish batting - Pitching for Pensacola Pilots : RHP Armando López
Batting: LHB Juan Rodríguez 0-0: Ball
1-0: Ball
2-0: SINGLE (Line Drive, 8RS)
Batting: RHB Warren Strathbogie 0-0: Ball
1-0: Ball
2-0: Ball
3-0: Called Strike
3-1: Base on Balls
Juan Rodríguez to second
Batting: LHB Josh Peterson 0-0: Swinging Strike
0-1: Ball
1-1: Ball
2-1: Swinging Strike
2-2: Fielders Choice at 2nd, 6-4 (Groundball, 6)
Juan Rodríguez to third
Batting: RHB Marcus Pittman 0-0: Ball
1-0: Called Strike
1-1: Foul Ball, location: 2F
1-2: Ball
2-2: Ground out U3 (Groundball, 34)
Josh Peterson to second
Batting: SHB José Ayala 0-0: Ball
1-0: Swinging Strike
1-1: Ball
2-1: Ball
3-1: Swinging Strike
3-2: Foul Ball, location: 2F
3-2: Foul Ball, location: 2F
3-2: Ground out U3 (Groundball, 3)
Top of the 6th over - 0 runs, 1 hit, 0 errors, 2 left on base; Kenosha 4 - Pensacola 2
BOTTOM OF THE 6TH
Pensacola Pilots batting - Pitching for Kenosha Kingfish : RHP Jim Snyder
Batting: RHB Alfonso Sánchez 0-0: Fly out, F3 (Line Drive, 34)
Batting: SHB Carlos González 0-0: Called Strike
0-1: Ball
1-1: Swinging Strike
1-2: Ground out U3 (Groundball, 34)
Batting: SHB Rodolphe Dettori 0-0: Called Strike
0-1: Ball
1-1: Foul Ball, location: 2F
1-2: Strikes out swinging
Bottom of the 6th over - 0 runs, 0 hits, 0 errors, 0 left on base; Kenosha 4 - Pensacola 2
TOP OF THE 7TH
Kenosha Kingfish batting - Pitching for Pensacola Pilots : RHP Armando López
Batting: LHB Justin McCoy 0-0: Ball
1-0: Called Strike
1-1: Swinging Strike
1-2: Ball
2-2: Foul Ball, location: 2F
2-2: Ball
3-2: Base on Balls
Batting: RHB Ron Campbell 0-0: Ball
1-0: Called Strike
Justin McCoy steals 2nd base
1-1: Bunt missed!
1-2: Ball
2-2: Ball
3-2: Foul Ball, location: 2F
3-2: Base on Balls
Batting: LHB Marvin MacGruder 0-0: Ball
1-0: Foul Ball, location: 2F
1-1: Called Strike
1-2: Ball
2-2: Foul Ball, location: 2F
2-2: Ball
3-2: Base on Balls
Justin McCoy to third
Ron Campbell to second
Batting: RHB Rubén Hernández 0-0: Ball
1-0: Ball
2-0: Ball
3-0: Base on Balls
Justin McCoy scores
Ron Campbell to third
Marvin MacGruder to second
Batting: LHB Juan Rodríguez 0-0: Foul Ball, location: 2F
0-1: Ball
1-1: Ball
2-1: Foul Ball, location: 2F
2-2: GRAND SLAM HOME RUN (Flyball, 9D), Distance : 386 ft
Pitching: RHP Don Anderson
Batting: RHB Warren Strathbogie 0-0: Ball
1-0: Hit by Pitch
Batting: LHB Josh Peterson 0-0: Ball
1-0: Foul Ball, location: 2F
1-1: Ball
2-1: Ball
3-1: Base on Balls
Warren Strathbogie to second
Batting: RHB Marcus Pittman 0-0: Grounds into double play, 5-4-3 (Groundball, 56)
Warren Strathbogie to third
Batting: SHB José Ayala 0-0: Ball
1-0: Called Strike
1-1: Ground out U3 (Groundball, 3L)
Top of the 7th over - 5 runs, 1 hit, 0 errors, 1 left on base; Kenosha 9 - Pensacola 2
BOTTOM OF THE 7TH
Pensacola Pilots batting - Pitching for Kenosha Kingfish : RHP Jim Snyder
Batting: LHB Joe Storms 0-0: Ball
1-0: Foul Ball, location: 2F
1-1: Foul Ball, location: 2F
1-2: Ground out 4-3 (Groundball, 4)
Pitching: RHP Ramón Árias
Batting: LHB Freddy Torres 0-0: Swinging Strike
0-1: Swinging Strike
0-2: Ball
1-2: Foul Ball, location: 2F
1-2: Fly out, F8 (Line Drive, 8RD)
Batting: SHB Ron Winston 0-0: Fly out, F3 (Popup, 3SF)
Bottom of the 7th over - 0 runs, 0 hits, 0 errors, 0 left on base; Kenosha 9 - Pensacola 2
TOP OF THE 8TH
Kenosha Kingfish batting - Pitching for Pensacola Pilots : RHP Don Anderson
Batting: LHB Justin McCoy 0-0: Ball
1-0: Ball
2-0: Ball
3-0: Base on Balls
Batting: RHB Ron Campbell 0-0: Called Strike
0-1: Ball
1-1: Ball
2-1: Swinging Strike
2-2: Ball
3-2: Foul Ball, location: 2F
3-2: Ground out 5-3 (Groundball, 5S)
Justin McCoy to second
Batting: LHB Marvin MacGruder 0-0: Called Strike
Justin McCoy steals 3rd base
0-1: Swinging Strike
0-2: Fly out, F6 (Popup, P)
Batting: RHB Rubén Hernández 0-0: Ball
1-0: Called Strike
1-1: Foul Ball, location: 2F
1-2: Strikes out looking
Top of the 8th over - 0 runs, 0 hits, 0 errors, 1 left on base; Kenosha 9 - Pensacola 2
BOTTOM OF THE 8TH
Pensacola Pilots batting - Pitching for Kenosha Kingfish : RHP Ramón Árias
Now at SS: David Barker
Now in LF: Miguel Gómez
Now in CF: Juan Escalante
Batting: LHB Ángel Flores 0-0: Called Strike
0-1: Foul Ball, location: 2F
0-2: Ball
1-2: Ball
2-2: Ball
3-2: Foul Ball, location: 2F
3-2: Base on Balls
Batting: RHB Ryan Nelson 0-0: Ball
1-0: Swinging Strike
1-1: Ball
2-1: Grounds into double play, 6-4-3 (Groundball, 56)
Batting: RHB Robert Rose 0-0: Ball
1-0: Called Strike
1-1: Ball
2-1: Foul Ball, location: 2F
2-2: Strikes out swinging
Bottom of the 8th over - 0 runs, 0 hits, 0 errors, 0 left on base; Kenosha 9 - Pensacola 2
TOP OF THE 9TH
Kenosha Kingfish batting - Pitching for Pensacola Pilots : RHP Don Anderson
Batting: LHB Juan Rodríguez 0-0: Called Strike
0-1: Ball
1-1: Reached on error, E3 (Groundball, 34)
Batting: RHB Warren Strathbogie 0-0: Called Strike
0-1: Ball
1-1: Swinging Strike
1-2: Strikes out swinging
Batting: LHB Josh Peterson 0-0: Ball
1-0: Called Strike
1-1: Swinging Strike
1-2: Foul Ball, location: 2F
1-2: Foul Ball, location: 2F
1-2: Foul Ball, location: 2F
1-2: Ball
2-2: Ball
3-2: Foul Ball, location: 2F
3-2: Strikes out swinging
Batting: RHB Marcus Pittman 0-0: Ball
1-0: Ball
2-0: Called Strike
2-1: Called Strike
2-2: Foul Ball, location: 2F
2-2: Ball
3-2: Base on Balls
Juan Rodríguez to second
Batting: SHB José Ayala 0-0: Ball
1-0: Ground out 5-3 (Groundball, 2L)
Top of the 9th over - 0 runs, 0 hits, 1 error, 2 left on base; Kenosha 9 - Pensacola 2
BOTTOM OF THE 9TH
Pensacola Pilots batting - Pitching for Kenosha Kingfish : RHP Ramón Árias
Batting: RHB Alfonso Sánchez 0-0: Swinging Strike
0-1: Called Strike
0-2: Ball
1-2: Strikes out swinging
Batting: SHB Carlos González 0-0: Called Strike
0-1: Ball
1-1: Ground out 4-3 (Groundball, 4)
Batting: SHB Rodolphe Dettori 0-0: Ball
1-0: Called Strike
1-1: Ball
2-1: Foul Ball, location: 2F
2-2: Ball
3-2: Strikes out swinging
Bottom of the 9th over - 0 runs, 0 hits, 0 errors, 0 left on base; Kenosha 9 - Pensacola 2
Saturday, December 16th, 2017 - OOTP Baseball 18.8 Build 76